 Dungeon Crawl Stone Soup version 0.24-a0-539-g6aae15eeb0 (webtiles) character file.

Game seed: 6637000576954015246

111 Delarado the Stinger (level 4, -2/28 HPs)
             Began as an Octopode Transmuter on Aug 17, 2019.
             Slain by an iguana (9 damage)
             ... on level 3 of the Dungeon.
             The game lasted 00:09:00 (2487 turns).

Delarado the Stinger (Octopode Transmuter)          Turns: 2487, Time: 00:09:01

Health: -2/28      AC:  1    Str:  9    XL:     4   Next: 92%
Magic:  0/7        EV: 13    Int: 16    God:
Gold:   77         SH:  0    Dex: 12    Spells: 1/7 levels left

rFire    . . .     SeeInvis .     - Unarmed
rCold    + . .     Gourm    .   (no shield)
rNeg     . . .     Faith    .   (helmet restricted)
rPois    .         Spirit   .   (no amulet)
rElec    .         Reflect  .   j - ring of protection from cold
rCorr    .         Harm     .   (no ring)
MR       .....                  (no ring)
Stlth    ++........             (no ring)
HPRegen  0.09/turn              (no ring)
MPRegen  0.10/turn              (no ring)
                                (no ring)
                                (no ring)

@: appendage, very slightly contaminated
A: almost no armour, stealthy swim, amphibious, 8 rings, constrict 8, tentacle
spike 3, camouflage 1, gelatinous body 1
a: End Transformation


You were on level 3 of the Dungeon.
You were hungry.
One of your tentacles had a temporary spike.
You visited 1 branch of the dungeon, and saw 3 of its levels.

You collected 77 gold pieces.

Inventory:

Missiles
 a - 65 arrows
 f - 51 stones (quivered)
Jewellery
 j - a ring of protection from cold (left tentacle)
Scrolls
 b - a scroll of immolation {unknown}
 d - 3 scrolls of identify {unknown}
 i - a scroll of teleportation {unknown}
 l - a scroll of magic mapping {unknown}
 m - a scroll of random uselessness {unknown}
 o - a scroll of fear {unknown}
 q - 2 scrolls of fog {unknown}
 r - 2 scrolls of amnesia {unknown}
 s - a scroll of enchant armour {unknown}
 t - a scroll of enchant weapon {unknown}
Potions
 e - a potion of resistance {unknown}
 h - a potion of degeneration {unknown}
 k - a potion of flight {unknown}
 n - a potion of lignification {unknown}
 p - a potion of curing {unknown}
Comestibles
 c - 10 rations


   Skills:
 + Level 1.0 Fighting
 + Level 2.0 Dodging
 - Level 3.0 Unarmed Combat
 - Level 2.0 Spellcasting
 - Level 3.4 Transmutations
 - Level 3.9 Poison Magic


You had one spell level left.
You knew the following spells:

 Your Spells              Type           Power        Failure   Level  Hunger
a - Beastly Appendage     Tmut           ##....       4%          1    #......
b - Sticks to Snakes      Tmut           ##......     8%          2    ###....
c - Spider Form           Tmut/Pois      ##........   14%         3    ###....

Your spell library contained the following spells:

 Spells                   Type           Power        Failure   Level  Hunger
 Animate Skeleton         Necr           N/A          21%         1    #......
 Apportation              Tloc           #.....       21%         1    #......
 Confusing Touch          Hex            #.....       21%         1    #......
 Summon Small Mammal      Summ           #...         21%         1    #......
 Ice Form                 Ice/Tmut       #.......     71%         4    #####..
 Blade Hands              Tmut           ##........   80%         5    ######.


Dungeon Overview and Level Annotations

Branches:
Dungeon (3/15)

Altars:
Elyvilon
Wu Jian


Innate Abilities, Weirdness & Mutations

You cannot wear most types of armour.
You are very stealthy in the water. (Stealth+)
You are amphibious.
You can wear up to eight rings at the same time.
You can use your tentacles to constrict eight enemies at once.
Your skin changes colour to match your surroundings (Stealth+).
Your rubbery body absorbs attacks. (AC +1, EV +1)
One of your tentacles bears a large vicious spike.


Message History

Your ball python constricts the iguana.
You tentacle-slap the iguana but do no damage.
You pierce the iguana, but do no damage.
The iguana is lightly wounded.
The iguana bites you.
* * * LOW HITPOINT WARNING * * *
Your ball python bites the iguana but does no damage.
Your ball python constricts the iguana.
You tentacle-slap the iguana but do no damage.
The iguana is lightly wounded.
Your ball python bites the iguana.
Your ball python constricts the iguana.
The iguana hisses menacingly.
The iguana closely misses you.
You tentacle-slap the iguana but do no damage.
You pierce the iguana, but do no damage.
You squeeze the iguana.
The iguana is moderately wounded.
Your ball python bites the iguana but does no damage.
Your ball python constricts the iguana.
The iguana bites you!
You die...

#...#######..######...#####
#...#######...# #........
######...##.#.## #..######
#...##'#..# #..# .
#....†..#.# #..# ##
#.......#.. #..#
###.....##.# #..# . #.....#
.. .#### ... #..@..# #.#
..... ....###.Sl..###..
.#### ........(.....##.#
..............#
.........(....#
..............#
....######'#### .... .(.
#.. ..#l


You could see an iguana and a friendly ball python.

Vanquished Creatures
  An orc wizard (D:3)
  2 adders
  2 worms (D:2)
  A dart slug (D:2)
  2 leopard geckos
  5 bats
  2 giant cockroaches (D:1)
  7 goblins
  10 hobgoblins
  A jackal (D:3)
  7 frilled lizards
  9 kobolds
  6 rats
55 creatures vanquished.

Notes
Turn   | Place    | Note
-------+----------+-------------------------------------------
     0 | D:1      | Delarado the Octopode Transmuter began the quest for the
                  | Orb.
     0 | D:1      | Reached XP level 1. HP: 13/13 MP: 3/3
   406 | D:1      | Reached XP level 2. HP: 18/18 MP: 3/5
   414 | D:1      | Learned a level 2 spell: Sticks to Snakes
   758 | D:1      | Reached XP level 3. HP: 23/23 MP: 6/6
   907 | D:1      | Learned a level 3 spell: Spider Form
  1005 | D:2      | Reached skill level 1 in Poison Magic
  1024 | D:2      | Found a white marble altar of Elyvilon.
  1642 | D:2      | Reached XP level 4. HP: 28/28 MP: 5/7
  1700 | D:2      | Found an ornate altar of the Wu Jian Council.
  2487 | D:3      | Slain by an iguana

Levels and vault maps discovered:
D:1:      eino_arrival_tree_alley, layout_basic
D:2:      layout_loops_ring, marbit_many_paths, elyvilon_altar_1
D:3:      layout_basic, first_ration, chequers_serial_rivers_micro_c

Skill      XL: |  1  2  3  4 |
---------------+-------------+-----
Transmutations | 3 |  3.4
Poison Magic   | 2 3 |  3.9
Fighting       | |  1.0
Dodging        | |  2.0
Unarmed Combat | |  3.0
Spellcasting   | |  2.0

Action                   |  1- 3 |  4- 6 || total
-------------------------+-------+-------++-------
Melee: Unarmed           |    78 |    40 ||   118
       Constrict         |    19 |     8 ||    27
       Tentacles         |     8 |     6 ||    14
       Kick              |     9 |     9 ||    18
       Punch             |       |     1 ||     1
Throw: Stone             |     1 |     3 ||     4
 Cast: Beastly Appendage |    14 |     7 ||    21
       Sticks to Snakes  |     2 |     1 ||     3
 Stab: Sleeping          |    11 |     1 ||    12
       Distracted        |     1 |       ||     1
  Eat: Chunk             |     3 |     2 ||     5
Armor: Skin              |     8 |     6 ||    14
Dodge: Dodged            |    30 |    22 ||    52

Table legend:
 A = Non-vault XP
 B = Vault XP
 C = Vault XP percentage of total XP
 D = Non-vault monster count
 E = Vault monster count
 F = Vault count percentage of total count
                 A         B        C        D         E       F
            +---------+---------+-------+---------+---------+-------
      Total |     158 |       1 |   0.6 |      54 |       1 |   1.8
            +---------+---------+-------+---------+---------+-------
        D:1 |      35 |       0 |   0.0 |      21 |       0 |   0.0
        D:2 |      52 |       1 |   1.9 |      22 |       1 |   4.3
        D:3 |      71 |       0 |   0.0 |      11 |       0 |   0.0
            +---------+---------+-------+---------+---------+-------
